 Dungeon Crawl Stone Soup version 0.28.0-53-g5a82cb258f (webtiles) character file.

Game seed: 6291527713605473819

53 Revguard the Slasher (level 3, 0/28 HPs)
             Began as a Demonspawn Gladiator on June 14, 2022.
             Slain by an adder (3 damage)
             ... on level 2 of the Dungeon.
             The game lasted 00:02:27 (1596 turns).

Revguard the Slasher (Demonspawn Gladiator)         Turns: 1596, Time: 00:02:28

Health: 0/28       AC:  4    Str: 16    XL:     3   Next: 64%
Magic:  4/4        EV: 12    Int: 11    God:
Gold:   70         SH:  0    Dex: 14    Spells: 2/2 levels left

rFire   . . .      SeeInvis .   a - +0 long sword
rCold   . . .      Faith    .   (no shield)
rNeg    . . .      Spirit   .   b - +0 leather armour
rPois   .          Reflect  .   c - +0 helmet
rElec   .          Harm     .   (no cloak)
rCorr   .          Rampage  .   (no gloves)
Will    .....                   (no boots)
Stlth   +.........              (no amulet)
HPRegen 0.09/turn               (no ring)
MPRegen 0.18/turn               (no ring)

@: lethally poisoned (0 -> 0)
A: magic regeneration, big brain 1
a: no special abilities


You were on level 2 of the Dungeon.
You visited 1 branch of the dungeon, and saw 2 of its levels.

You collected 70 gold pieces.

Inventory:

Hand Weapons
 a - a +0 long sword (weapon)
Missiles
 d - 3 throwing nets (quivered)
Armour
 b - a +0 leather armour (worn)
 c - a +0 helmet (worn)
Jewellery
 i - a ring of protection from fire
Scrolls
 f - a scroll of identify {unknown}
 l - a scroll of amnesia {unknown}
Potions
 e - a potion of lignification {unknown}
 g - a potion of ambrosia {unknown}
 h - 3 potions of might {unknown}
 j - a potion of curing {unknown}
 k - a potion of heal wounds {unknown}


   Skills:
 * Level 2.5 Fighting
 + Level 2.9 Long Blades
 - Level 1.7 Throwing
 * Level 1.4 Armour
 + Level 2.9 Dodging
 + Level 0.0 Spellcasting
 + Level 0.1 Necromancy
 + Level 1.4 Invocations
 - Level 0.4 Evocations


You had 2 spell levels left.
You didn't know any spells.
Your spell library contained the following spells:

 Spells                   Type           Power      Damage    Failure   Level
 Summon Forest            Summ/Tloc      0%         N/A       100%        5
 Summon Mana Viper        Hex/Summ       0%         N/A       100%        5
 Summon Cactus Giant      Summ           0%         N/A       100%        6


Dungeon Overview and Level Annotations

Branches:
Dungeon (2/15)

Altars:


Innate Abilities, Weirdness & Mutations

You regenerate magic rapidly.
You have an unusually large brain. (Int +2)


Message History

The giant cockroach closely misses you. x2
You barely miss the giant cockroach. The giant cockroach bites you.
You slash the giant cockroach!
You kill the giant cockroach!
You see here a giant cockroach corpse.
You pick up a book of the Wilderness and begin reading...
You add the spells Summon Forest, Summon Mana Viper and Summon Cactus Giant to your library.
An adder comes into view.
The adder hisses angrily.
The adder moves out of view.
Found 16 stones.
Found a scroll labelled GIHAMI HELACOBB.
The adder bites you.
You are poisoned.
The adder poisons you!
You barely miss the adder.
You feel sick. The adder bites you.
You are more poisoned.
The adder poisons you! The adder barely misses you.
You closely miss the adder.
You feel very sick. The adder bites you but does no damage.
You hit the adder.
The adder is lightly wounded.
You feel very sick. The adder barely misses you. The adder bites you.
You slash the adder!
The adder is almost dead.
You feel sick. The adder bites you but does no damage.
The adder closely misses you.
You closely miss the adder.
The adder is almost dead.
You feel sick. The adder barely misses you.
You barely miss the adder.
The adder is almost dead.
You feel sick. The adder barely misses you. The adder bites you.
* * * LOW HITPOINT WARNING * * *
You barely miss the adder.
The adder is almost dead.
You feel sick. The adder bites you.
You die...

############
...........#
......S@...#
.....(..#..#
#.###.###..# ..P
#..##########
#?#
#.......†...####
P..
#...#######.##..
#.# #.#...#
##.##.. ..
#.#.#.# #......
#.#.#.# #..##..


You could see an adder.

Vanquished Creatures
  A gnoll (D:1)
  A worm (D:2)
  A dart slug (D:1)
  2 ball pythons (D:1)
  3 endoplasms
  2 giant cockroaches
  4 goblins
  4 hobgoblins
  4 jackals (D:2)
  4 quokkas
  2 bats (D:1)
  2 frilled lizards (D:1)
  5 kobolds
  A rat (D:1)
36 creatures vanquished.

Vanquished Creatures (others)
  2 fungi (D:2)
  2 plants (D:2)
4 creatures vanquished.

Grand Total: 40 creatures vanquished

Notes
Turn   | Place    | Note
-------+----------+-------------------------------------------
     0 | D:1      | Revguard the Demonspawn Gladiator began the quest for the
                  | Orb.
     0 | D:1      | Reached XP level 1. HP: 16/16 MP: 1/1
   126 | D:1      | Gained mutation: You regenerate magic rapidly. [demonic
                  | ancestry]
   126 | D:1      | Reached XP level 2. HP: 14/22 MP: 2/2
   484 | D:1      | Reached skill level 1 in Armour
   756 | D:1      | Reached skill level 1 in Invocations
   796 | D:1      | Gained mutation: You have an unusually large brain. (Int
                  | +2) [demonic ancestry]
   796 | D:1      | Reached XP level 3. HP: 28/28 MP: 3/3
  1596 | D:2      | Slain by an adder

Illustrated notes

Levels and vault maps discovered:
D:1:      dpeg_arrival_oval, layout_rooms
D:2:      layout_basic, shapermc_ecumenical_altar_mp_urbaneastern, basic_altar,
          uniq_crazy_yiuf_cottage

Skill      XL: |  1  2 |
---------------+-------+-----
Armour         | 1 |  1.4
Invocations    | 1 |  1.4
Fighting       | |  2.5
Long Blades    | |  2.9
Throwing       | |  1.7
Dodging        | |  2.9
Necromancy     | |  0.1
Evocations     | |  0.4

Action                   || total
-------------------------++-------
Melee: Long sword        ||   129
       Punch             ||     1
 Stab: Sleeping          ||     1
Armor: Leather armour    ||    42
Dodge: Dodged            ||   100
